AoeStats
← saneglsngosglgeisn

Arena

517156458Analyzed
4v4 RM · 8d ago on Oct 29, 2026· 56m 48s· 8 players
Game mode
Random Map
Map size
Large (8 player)
Population
200
Speed
Normal
Resources
Standard
Victory
Conquest
Starting age
Dark Age
Ending age
Imperial Age
RankedLock teamsTeams togetherTeam positionsShared explorationLock speedFull tech treeHidden civsTurbo modeCheats
Victory
Defeat
🇨🇳 Mongols · China
1128
+14
🇦🇷 Vietnamese · Argentina
1120
+14
🇨🇳 Bohemians · China
1107
+15
1088
+16
vs
🇨🇳 Mongols · China
1174
-18
🇨🇳 Persians · China
1079
-15
🇨🇳 Romans · China
1068
-14
🇹🇼 Franks · Taiwan
1015
-12
shyli1733
0:33 Loom
13:40 Feudal Age
14:33 Double-Bit Axe
18:27 Castle Age
16:54 Gold Mining
17:41 Stone Mining
19:24 Wheelbarrow
20:14 Town Watch
23:49 Fervor
33:23 Imperial Age
31:30 Fletching
31:46 Scale Barding Armor
32:20 Gold Shaft Mining
33:17 Chain Barding Armor
33:26 Bodkin Arrow
33:41 Heavy Scorpion
34:34 Fortified Wall
34:07 Crossbowman
35:13 Husbandry
35:47 Hand Cart
36:02 Masonry
37:28 Architecture
38:01 Hoardings
36:50 Capped Ram
37:03 Pikeman
39:06 Town Patrol
40:40 Forging
40:31 Scale Mail Armor
40:58 Padded Archer Armor
40:47 Gambesons
41:03 Squires
43:04 Plate Barding Armor
43:09 Cavalier
43:39 Man-at-Arms
45:39 Chemistry
44:20 Treadmill Crane
45:12 Light Cavalry
46:31 Iron Casting
46:12 Chain Mail Armor
46:37 Siege Engineers
47:43 Onager
48:01 Long Swordsman
48:59 Halberdier
49:40 Elite Skirmisher
51:15 Plate Mail Armor
51:46 Blast Furnace
51:01 Leather Archer Armor
52:09 Elite Skirmisher
还有遗憾吗
9:00 Feudal Age
14:24 Castle Age
12:25 Double-Bit Axe
16:54 Bow Saw
16:32 Horse Collar
28:23 Imperial Age
26:35 Wheelbarrow
26:18 Loom
26:18 Town Watch
26:26 Fletching
26:36 Padded Archer Armor
26:30 Gold Mining
27:13 Stone Mining
27:59 Gold Shaft Mining
27:29 Heavy Plow
27:38 Bodkin Arrow
28:07 Ballistics
28:28 Leather Archer Armor
29:17 Stone Shaft Mining
29:04 Bracer
30:25 Chemistry
29:22 Murder Holes
29:38 Masonry
29:31 Husbandry
30:02 Hand Cart
30:19 Scale Barding Armor
30:33 Bloodlines
32:04 Chain Barding Armor
31:55 Forging
32:13 Parthian Tactics
31:38 Light Cavalry
32:26 Thumb Ring
32:37 Fortified Wall
34:07 Conscription
34:26 Hoardings
34:45 Iron Casting
35:49 Elite Mangudai
35:53 Hussar
42:17 Hoardings
47:17 Onager
53:09 Blast Furnace
52:34 Elite Steppe Lancer
53:17 Siege Onager
54:45 Cavalier
杰哥真棒
10:16 Feudal Age
11:03 Double-Bit Axe
15:19 Castle Age
16:11 Bow Saw
17:14 Wheelbarrow
18:18 Fletching
20:39 Bodkin Arrow
31:22 Horse Collar
34:26 Imperial Age
32:14 Loom
33:37 Ballistics
34:14 Forging
34:06 Scale Mail Armor
34:20 Gold Mining
34:20 Stone Mining
34:32 Heavy Plow
39:17 Conscription
42:03 Man-at-Arms
43:07 Long Swordsman
saneglsngosglgeisn
13:12 Feudal Age
15:46 Double-Bit Axe
15:45 Horse Collar
18:43 Castle Age
19:46 Bow Saw
19:41 Heavy Plow
25:17 Wheelbarrow
24:27 Loom
26:34 Hand Cart
28:21 Gold Mining
28:25 Stone Mining
30:11 Stone Shaft Mining
30:15 Gold Shaft Mining
30:09 Caravan
33:50 Imperial Age
32:13 Forging
32:09 Scale Barding Armor
32:16 Bloodlines
32:07 Husbandry
32:23 Masonry
32:09 Murder Holes
32:35 Ballistics
33:44 Iron Casting
33:15 Devotion
34:37 Chain Barding Armor
34:07 Elite War Elephant
35:08 Conscription
36:45 Hoardings
36:21 Citadels
37:13 Blast Furnace
36:49 Plate Barding Armor
37:32 Two-Man Saw
37:08 Crop Rotation
39:01 Fletching
39:45 Architecture
42:49 Bodkin Arrow
我不是高老蓝精灵小红
10:16 Feudal Age
13:58 Castle Age
12:13 Double-Bit Axe
12:26 Horse Collar
15:06 Bow Saw
15:02 Heavy Plow
19:38 Wheelbarrow
19:58 Stone Mining
21:33 Hand Cart
21:29 Gold Mining
23:20 Gold Shaft Mining
23:55 Stone Shaft Mining
23:12 Man-at-Arms
24:00 Long Swordsman
29:17 Imperial Age
26:52 Scale Mail Armor
26:56 Gambesons
27:11 Squires
27:25 Forging
28:19 Chain Mail Armor
29:24 Iron Casting
29:40 Onager
29:54 Two-Handed Swordsman
31:38 Conscription
31:05 Capped Ram
31:54 Siege Engineers
31:40 Northmen's Fury
31:56 Champion
34:17 Blast Furnace
33:21 Hamask
34:43 Plate Mail Armor
33:56 Siege Ram
35:30 Arson
35:55 Fletching
37:04 Bodkin Arrow
37:20 Siege Onager
38:00 Murder Holes
38:16 Masonry
39:41 Hoardings
38:28 Elite Jomsviking
39:11 Pikeman
39:40 Halberdier
41:13 Bracer
56:15 Elite Varangian Guard
Mknolix
10:06 Feudal Age
11:21 Loom
14:37 Castle Age
12:49 Double-Bit Axe
15:00 Wheelbarrow
15:31 Bow Saw
15:55 Horse Collar
19:04 Heavy Plow
25:08 Squires
24:56 Arson
30:17 Imperial Age
27:59 Treadmill Crane
28:42 Ballistics
28:58 Hand Cart
29:25 Gold Mining
29:26 Stone Mining
29:49 Scale Mail Armor
30:27 Forging
32:02 Chemistry
30:24 Elite Fire Lancer
31:23 Chain Mail Armor
31:43 Iron Casting
31:34 Paper Money
32:30 Stone Shaft Mining
32:34 Plate Mail Armor
31:56 Fletching
33:15 Siege Engineers
34:16 Bodkin Arrow
35:51 Elite Skirmisher
36:37 Thumb Ring
36:33 Bracer
36:34 Padded Archer Armor
37:12 Imperial Skirmisher
38:48 Crop Rotation
39:19 Two-Man Saw
39:12 Leather Archer Armor
39:13 Masonry
43:52 Coinage
44:59 Banking
46:03 Caravan
47:29 Bombard Tower
542255641
9:31 Feudal Age
13:44 Castle Age
11:51 Double-Bit Axe
12:15 Horse Collar
16:12 Bow Saw
18:54 Heavy Plow
20:37 Padded Archer Armor
21:15 Wheelbarrow
24:19 Hand Cart
24:40 Gold Mining
24:43 Stone Mining
26:07 Loom
26:07 Town Watch
29:23 Imperial Age
26:40 Town Watch
27:33 Coinage
28:02 Fletching
28:12 Padded Archer Armor
28:40 Bodkin Arrow
30:03 Leather Archer Armor
30:36 Scale Barding Armor
31:49 Chemistry
31:10 Ballistics
32:01 Banking
32:02 Conscription
31:30 Cavalier
32:36 Drill
31:53 Elite Mangudai
32:52 Capped Ram
33:41 Bracer
34:31 Thumb Ring
37:21 Drill
37:36 Siege Ram
38:54 Bloodlines
38:45 Husbandry
42:25 Pikeman
43:05 Squires
42:51 Arson
43:06 Murder Holes
43:22 Fortified Wall
44:30 Scale Mail Armor
44:40 Forging
49:09 Iron Casting
48:49 Chain Mail Armor
49:09 Iron Casting
余生
10:56 Feudal Age
11:36 Double-Bit Axe
14:29 Castle Age
12:18 Horse Collar
15:43 Bow Saw
17:03 Heavy Plow
18:19 Wheelbarrow
18:08 Fervor
19:13 Sanctity
20:38 Hand Cart
21:14 Squires
21:45 Loom
22:25 Town Watch
22:44 Scale Mail Armor
24:42 Chain Mail Armor
24:38 Forging
24:47 Pikeman
25:49 Forging
30:48 Coinage
33:32 Imperial Age
32:10 Iron Casting
31:58 Ballistics
32:40 Chemistry
32:01 Caravan
32:20 Masonry
32:05 Fletching
32:49 Wagenburg Tactics
34:40 Conscription
33:44 Elite Hussite Wagon
34:36 Siege Engineers
34:31 Houfnice
35:48 Town Patrol
35:45 Bodkin Arrow
35:52 Padded Archer Armor
37:26 Architecture
37:07 Careening
36:56 Murder Holes
37:04 Bracer
37:17 Guilds
37:38 Banking
36:57 Halberdier
37:23 Arson
38:51 Leather Archer Armor
37:58 Capped Ram
41:41 Blast Furnace
41:12 Plate Mail Armor
41:03 Arrowslits
41:41 Hussite Reforms
42:04 Bombard Tower
45:32 Devotion
46:37 Two-Man Saw
46:12 Ring Archer Armor
Connection lost

Rejoining the realm…

Still unreachable

The connection could not be restored.

Session expired

The server has moved on; the page needs a fresh start.